 Dungeon Crawl Stone Soup version 0.29-a0-919-gd064cfad1c (webtiles) character file.

Game seed: 16730733340327510473

58 frimble the Magician (level 3, 0/24 HPs)
             Began as a Demonspawn Hedge Wizard on July 27, 2022.
             Frozen to death by an endoplasm (4 damage)
             ... on level 1 of the Dungeon.
             The game lasted 00:02:29 (2282 turns).

frimble the Magician (Demonspawn Hedge Wizard)      Turns: 2282, Time: 00:02:29

Health: 0/24       AC: 11    Str: 10    XL:     3   Next: 76%
Magic:  5/7        EV: 12    Int: 15    God:
Gold:   65         SH:  0    Dex: 14    Spells: 3/8 levels left

rFire   . . .      SeeInvis .   a - +0 dagger
rCold   . . .      Faith    .   (no shield)
rNeg    . . .      Spirit   .   b - +0 robe
rPois   .          Reflect  .   c - +0 hat
rElec   .          Harm     .   j - +0 cloak
rCorr   .          Rampage  .   i - +0 pair of gloves
Will    .....                   k - +0 pair of boots
Stlth   ++........              (no amulet)
HPRegen 0.08/turn               (no ring)
MPRegen 0.10/turn               (no ring)

@: sanguine armoured
A: powered by death 1, sanguine armour 1
a: no special abilities


You were on level 1 of the Dungeon.
You visited 1 branch of the dungeon, and saw 2 of its levels.

You collected 65 gold pieces.

Inventory:

Hand Weapons
 a - a +0 dagger (weapon)
Armour
 b - a +0 robe (worn)
 c - a +0 hat (worn)
 i - a +0 pair of gloves (worn)
 j - a +0 cloak (worn)
 k - a +0 pair of boots (worn)
Scrolls
 f - a scroll of butterflies {unknown}
 g - a scroll of identify {unknown}
 h - a scroll of fear {unknown}
 m - a scroll of enchant weapon {unknown}
 n - a scroll of torment {unknown}
 o - a scroll of silence {unknown}
Potions
 d - a potion of magic
 l - a potion of attraction {unknown}


   Skills:
 + Level 1.8 Short Blades
 - Level 1.7 Dodging
 - Level 1.8 Stealth
 - Level 3.0 Spellcasting
 + Level 2.4 Conjurations
 + Level 1.6 Summonings
 - Level 0.9 Translocations


You had 3 spell levels left.
You knew the following spells:

 Your Spells              Type           Power      Damage    Failure   Level
a - Magic Dart            Conj           36%        1d4       8%          1
b - Blink                 Tloc           8%         N/A       22%         2
c - Call Imp              Summ           7%         N/A       16%         2

Your spell library contained the following spells:

 Spells                   Type           Power      Damage    Failure   Level
 Beastly Appendage        Tmut           4%         N/A       21%         1
 Slow                     Hex            8%         N/A       21%         1
 Wereblood                Tmut           2%         N/A       30%         2
 Conjure Flame            Conj/Fire      5%         6-21      36%         3
 Mephitic Cloud           Conj/Pois/Air  4%         N/A       41%         3
 Spider Form              Tmut/Pois      2%         N/A       52%         3


Dungeon Overview and Level Annotations

Branches:
Dungeon (2/15)

Altars:


Innate Abilities, Weirdness & Mutations

You regenerate a little health from kills.
When seriously injured, your blood forms armour. (AC +6)


Message History

* * * LOW HITPOINT WARNING * * *
Your blood congeals into armour.
Your crimson imp hits the kobold.
Found a book of Ice.
The kobold hits you but does no damage. The gnoll barely misses you.
Your crimson imp hits the kobold.
The kobold dies!
The gnoll attacks as you move away! The gnoll closely misses you.
The gnoll misses you.
A kobold and a quokka come into view.
The kobold shouts!
An endoplasm comes into view.
You see here a +0 spear.
The endoplasm quivers.
There is a stone staircase leading up here.
The endoplasm barely misses you.
You climb upwards.
There is a stone staircase leading down here.
You hit the endoplasm.
The endoplasm is moderately wounded.
The endoplasm closely misses you.
You hit the endoplasm but do no damage.
The endoplasm is moderately wounded.
The endoplasm freezes you.
You are frozen.
* * * LOW HITPOINT WARNING * * *
You barely miss the endoplasm.
The endoplasm is moderately wounded.
The endoplasm closely misses you.
You hit the endoplasm but do no damage.
The endoplasm is moderately wounded.
The endoplasm freezes you.
You are frozen.
* * * LOW HITPOINT WARNING * * *
Aiming: Magic Dart (safe; 8% risk of failure)
Press: ? - help, Q - select action, (/) - cycle Shift-Dir - straight line, f - endoplasm
Aim: an endoplasm (moderately wounded, 100% to hit)
The magic dart hits the endoplasm.
The endoplasm is almost dead.
The endoplasm freezes you.
You are frozen.
You die...

#.................#
###........#..######
#.................
#...........######
#..#.....#..#
#...........#
#..####.....######
#J.####.###.......
###@................
#....##.######......
#.......# #......
#.......# #......
#####.......# #......
#.......###.# #......
#.###.......# #######
#...#########
###.#.......#########


You could see an endoplasm.

Vanquished Creatures
  3 gnolls
  A dart slug (D:1)
  A ball python (D:1)
  6 endoplasms
  2 goblins
  4 hobgoblins
  2 quokkas (D:1)
  2 kobolds (D:1)
  3 rats (D:1)
24 creatures vanquished.

Vanquished Creatures (collateral kills)
  A kobold (D:2)
1 creature vanquished.

Grand Total: 25 creatures vanquished

Notes
Turn   | Place    | Note
-------+----------+-------------------------------------------
     0 | D:1      | frimble the Demonspawn Hedge Wizard began the quest for the
                  | Orb.
     0 | D:1      | Reached XP level 1. HP: 13/13 MP: 4/4
   536 | D:1      | Gained mutation: When seriously injured, your blood forms
                  | armour. (AC +6) [demonic ancestry]
   536 | D:1      | Reached XP level 2. HP: 19/19 MP: 3/6
   585 | D:1      | Reached skill level 1 in Short Blades
  1491 | D:1      | Learned a level 2 spell: Blink
  1666 | D:2      | Gained mutation: You regenerate a little health from kills.
                  | [demonic ancestry]
  1666 | D:2      | Reached XP level 3. HP: 11/24 MP: 2/7
  2250 | D:2      | Learned a level 2 spell: Call Imp
  2282 | D:1      | Frozen to death by an endoplasm

Illustrated notes

Levels and vault maps discovered:
D:1:      mrwooster_arrival_statue_3, layout_basic, fountainhead
D:2:      layout_basic, minmay_increasing_density

Skill      XL: |  1  2 |
---------------+-------+-----
Short Blades   | 1 |  1.8
Conjurations   | 2 |  2.4
Dodging        | |  1.7
Stealth        | |  1.8
Spellcasting   | |  3.0
Summonings     | |  1.6
Translocations | |  0.9

Action                   || total
-------------------------++-------
Melee: Dagger            ||   105
       Punch             ||     1
 Cast: Magic Dart        ||    34
       Blink             ||     1
       Call Imp          ||     1
  Use: Potion            ||     1
 Stab: Sleeping          ||     6
Armor: Robe              ||    24
Dodge: Dodged            ||    92

Table legend: (Time is in decaauts)
 A = Elapsed time spent in this place.
 B = Non-inter-level travel time spent in this place.
 C = Inter-level travel time spent in this place.
 D = Time resting spent in this place.
 E = Time spent auto-exploring this place.
 F = Levels seen in this place.
 G = Mean time per level.
                   A        B        C        D        E       F      G
               +--------+--------+--------+--------+--------+-----+--------+
         Total |   2278 |   2217 |     61 |      0 |   1884 |   2 | 1139.0 |
       Dungeon |   2278 |   2217 |     61 |      0 |   1884 |   2 | 1139.0 |
               +--------+--------+--------+--------+--------+-----+--------+

Top non-repeatable levels by time:
     D:1: 2040 daAuts
     D:2: 237 daAuts
